 Dungeon Sprint DCSS version 0.31-a0-960-g0fca184906 (webtiles) character file.

Game seed: 11847163649127182331

1018 rocky1 the Blocker (level 8, -7/72 HPs)
             Began as a Formicid Fighter on Oct 23, 2023.
             Was a Believer of Cheibriados.
             Mangled by an acid dragon (11 damage)
             ... in the Dungeon (Sprint IX: "|||||||||||||||||||||||||||||").
             The game lasted 00:01:35 (581 turns).

rocky1 the Blocker (Formicid Fighter)                Turns: 581, Time: 00:01:36

Health: -7/72      AC:  6    Str: 31    XL:     8   Next: 45%
Magic:  8/8        EV: 11    Int: 11    God:    Cheibriados [**....]
Gold:   0          SH:  7    Dex: 17    Spells: 7/7 levels left

rFire   . . .        k - +4 quarterstaff "Enig" {heavy, rN++}
rCold   . . .        c - +0 buckler
rNeg    + + .        n - +2 ring mail
rPois   .            (helmet unavailable)
rElec   .            m - +0 cloak
rCorr   .            l - +0 pair of gloves
SInv    +            (no boots)
Will    .....        (no amulet)
Stlth   +            o - +3 ring of strength
HPRegen 0.32/turn    p - +2 ring of protection
MPRegen 0.11/turn

%: no passive effects
@: corroded, very slow
A: permanent stasis, dig shafts and tunnels, antennae 3, four strong arms
a: Dig, Renounce Religion, Bend Time


You were in the Dungeon.
You worshipped Cheibriados.
Cheibriados was pleased with you.
You visited 1 branch

Inventory:

Hand Weapons
 a - a +0 quarterstaff
 k - the +4 quarterstaff "Enig" (weapon) {heavy, rN++}
   (You found it in the Dungeon)

   rN++:      It greatly protects you from negative energy.
Armour
 b - a +0 scale mail
 c - a +0 buckler (worn)
 l - a +0 pair of gloves (worn)
 m - a +0 cloak (worn)
 n - a +2 ring mail (worn)
Jewellery
 o - a +3 ring of strength (left hand)
 p - a +2 ring of protection (right hand)
Wands
 j - a wand of roots (7)
Scrolls
 i - 2 scrolls of amnesia
Potions
 d - a potion of might
 e - 5 potions of curing
 g - 4 potions of magic
 h - a potion of invisibility


   Skills:
 + Level 10.2 Fighting
 + Level 9.3 Staves
 + Level 10.1 Armour
 + Level 1.0 Dodging
 + Level 11.5 Shields
 + Level 1.6 Evocations


You had 7 spell levels left.
You didn't know any spells.
Your spell library was empty.

Dungeon Overview and Level Annotations

Branches:
Dungeon (1/1)

Altars:
Cheibriados
Dithmenos
Elyvilon
Fedhas
Gozag
Hepliaklqana
Kikubaaqudgha
Makhleb
Nemelex Xobeh
Okawaru
Qazlal
Ru
Sif Muna
Trog
Uskayaw
Vehumet
Wu Jian
Xom
Yredelemnul
Zin
The Shining One
Jiyva
Lugonu


Innate Abilities, Weirdness & Mutations

You cannot be hasted, slowed, berserked, paralysed or teleported.
You can dig through walls and to a lower floor.
You have a pair of large antennae on your head. (SInv)
Your four strong arms can wield two-handed weapons with a shield.


Message History

Cheibriados raises the support of your attributes as your movement slows.
Your Fighting skill gained 2 levels and is now at level 10!
Your Staves skill gained 3 levels and is now at level 9!
Your Armour skill gained 2 levels and is now at level 10!
Your Dodging skill increases to level 1!
Your Shields skill gained 2 levels and is now at level 11!
Your Evocations skill increases to level 1!
You have reached level 7!
You have reached level 8!
You feel stronger.
Unknown command.
Unknown command.
You bludgeon the orc warrior!!
The orc warrior is severely wounded.
The orc warrior hits you with a +0 dire flail!
You sock the orc warrior!
The orc warrior is almost dead.
The orc warrior hits you with a +0 dire flail!
* * * LOW HITPOINT WARNING * * *
You block the orc warrior's attack.
Unknown command.
You sock the orc warrior!
You kill the orc warrior!
Cheibriados appreciates the change of pace.
Cheibriados raises the support of your attributes as your movement slows.
Unknown command.
Unknown command.
You hit the acid dragon.
The acid dragon is lightly wounded.
The acid dragon bites you.
* * * LOW HITPOINT WARNING * * *
The acid dragon claws you but does no damage.
Unknown command.
You hit the acid dragon but do no damage.
The acid dragon is lightly wounded.
The acid dragon bites you.
* * * LOW HITPOINT WARNING * * *
The acid dragon claws you but does no damage.
The acid dragon bites you!
You die... {{{{{{{ {{{{{{{{ ▓▓▓▓▓▓▓▓▓▓▓▓▓▓▓▓▓▓▓▓▓▓▓▓ _______'.?).....@DW..... ▓▓▓▓▓▓▓▓▓▓▓▓▓▓▓▓▓▓▓▓▓▓▓▓

You could see a wraith and an acid dragon.

Vanquished Creatures
  A two-headed ogre (D)
  A wyvern (D)
  An acid dragon (D)
  An orc warrior (D)
  A scorpion (D)
  A hound (D)
  2 adders (D)
  A dart slug (D)
  An endoplasm (D)
  A goblin (D)
  A hobgoblin (D)
  A frilled lizard (D)
  A rat (D)
14 creatures vanquished.

Notes
Turn   | Place    | Note
-------+----------+-------------------------------------------
     0 | D        | rocky1 the Formicid Fighter began the quest for the Orb.
     0 | D        | Reached XP level 1. HP: 18/18 MP: 1/1
    21 | D        | Noticed a hound
    21 | D        | Noticed a scorpion
    25 | D        | Killed a hound
    26 | D        | Reached skill level 5 in Fighting
    26 | D        | Reached skill level 5 in Armour
    26 | D        | Reached skill level 5 in Shields
    26 | D        | Reached XP level 2. HP: 16/27 MP: 2/2
    26 | D        | Reached XP level 3. HP: 19/33 MP: 3/3
    34 | D        | Reached skill level 6 in Shields
    37 | D        | Killed a scorpion
    38 | D        | Reached skill level 7 in Shields
    38 | D        | Reached XP level 4. HP: 10/41 MP: 4/4
    38 | D        | Reached XP level 5. HP: 12/47 MP: 5/5
   389 | D        | Found a snail-covered altar of Cheibriados.
   389 | D        | Found a shadowy altar of Dithmenos.
   389 | D        | Found a white marble altar of Elyvilon.
   389 | D        | Found a blossoming altar of Fedhas.
   389 | D        | Found an opulent altar of Gozag.
   390 | D        | Found a hazy altar of Hepliaklqana.
   391 | D        | Found a viscous altar of Jiyva.
   392 | D        | Found an ancient bone altar of Kikubaaqudgha.
   393 | D        | Found a corrupted altar of Lugonu.
   395 | D        | Became a worshipper of Cheibriados the Contemplative
   397 | D        | Found a burning altar of Makhleb.
   398 | D        | Found a sparkling altar of Nemelex Xobeh.
   399 | D        | Found an iron altar of Okawaru.
   400 | D        | Found a stormy altar of Qazlal.
   401 | D        | Found a sacrificial altar of Ru.
   402 | D        | Found a shimmering blue altar of Sif Muna.
   403 | D        | Found a bloodstained altar of Trog.
   404 | D        | Found a hide-covered altar of Uskayaw.
   405 | D        | Found a radiant altar of Vehumet.
   406 | D        | Found an ornate altar of the Wu Jian Council.
   407 | D        | Found a shimmering altar of Xom.
   408 | D        | Found a basalt altar of Yredelemnul.
   409 | D        | Found a glowing silver altar of Zin.
   410 | D        | Found a glowing golden altar of the Shining One.
   426 | D        | Got the +4 quarterstaff "Enig" {heavy, rN++}
   561 | D        | Noticed an acid dragon
   561 | D        | Noticed a wyvern
   561 | D        | Noticed a two-headed ogre
   561 | D        | Noticed an orc warrior
   561 | D        | Noticed an acid dragon
   561 | D        | Noticed a wraith
   569 | D        | Killed an acid dragon
   570 | D        | Reached skill level 5 in Staves
   570 | D        | Reached skill level 8 in Shields
   570 | D        | Reached XP level 6. HP: 20/56 MP: 6/6
   575 | D        | Killed a wyvern
   575 | D        | Reached * piety under Cheibriados
   576 | D        | Reached skill level 9 in Shields
   576 | D        | Killed a two-headed ogre
   577 | D        | Reached skill level 10 in Fighting
   577 | D        | Reached skill level 10 in Armour
   577 | D        | Reached skill level 1 in Dodging
   577 | D        | Reached skill level 11 in Shields
   577 | D        | Reached skill level 1 in Evocations
   577 | D        | Reached XP level 7. HP: 31/66 MP: 7/7
   577 | D        | Reached XP level 8. HP: 34/72 MP: 8/8
   579 | D        | Reached ** piety under Cheibriados
   581 | D        | Mangled by an acid dragon

Illustrated notes

Levels and vault maps discovered:
D:        linesprint [early_d, line_temple, items_1, d_10, items_2, lair_1,
          lair_end, items_3, orc_1, orc_end, items_4, d_15, swamp_1, shoals_1,
          snake_1, spider_1, d_20, vaults_1, items_5, swamp_end, shoals_end,
          snake_end, spider_end, vaults_end, d_27, items_6, zot_1, zot_end,
          crypt_end, forest_end, elf_end, slime_end, tomb_end, abyss_end,
          pan_hell_end]

Skill      XL: |  1  2  3  4  5  6 |
---------------+-------------------+-----
Fighting       | 5 6 7 10 | 10.2
Armour         | 5 6 7 10 | 10.1
Shields        | 5 7 8 11 | 11.5
Staves         | 4 5 9 |  9.3
Dodging        | 1 |  1.0
Evocations     | 1 |  1.6

Action                     |  1- 3 |  4- 6 |  7- 9 || total
---------------------------+-------+-------+-------++-------
  Melee: Quarterstaff      |    26 |    12 |     5 ||    43
  Evoke: Wand              |       |     3 |       ||     3
    Use: Potion            |       |     3 |       ||     3
 Armour: Scale mail        |    16 |     1 |       ||    17
         Ring mail         |       |    10 |     7 ||    17
  Dodge: Dodged            |     8 |    12 |       ||    20
  Block: Buckler           |     4 |     8 |     1 ||    13

Table legend: (Time is in decaauts)
 A = Elapsed time spent in this place.
 B = Non-inter-level travel time spent in this place.
 C = Inter-level travel time spent in this place.
 D = Time resting spent in this place.
 E = Time spent auto-exploring this place.
 F = Levels seen in this place.
 G = Mean time per level.
                   A        B        C        D        E       F      G
               +--------+--------+--------+--------+--------+-----+--------+
         Total |    599 |    599 |      0 |    443 |      0 |   1 |  599.0 |
       Dungeon |    599 |    599 |      0 |    443 |      0 |   1 |  599.0 |
               +--------+--------+--------+--------+--------+-----+--------+

Top non-repeatable levels by time:
       D: 599 daAuts
